 Dungeon Crawl Stone Soup version 0.27.1-34-g3ba077fa99 (webtiles) character file.

Game seed: 16181191054448698621

42 SensoryNuts the Skirmisher (level 3, -1/29 HPs)
             Began as a Demonspawn Fighter on Jan 8, 2022.
             Slain by Sigmund (5 damage)
             ... on level 2 of the Dungeon.
             The game lasted 00:01:30 (1256 turns).

SensoryNuts the Skirmisher (Demonspawn Fighter)     Turns: 1256, Time: 00:01:31

Health: -1/29      AC:  6    Str: 17    XL:     3   Next: 33%
Magic:  3/3        EV:  7    Int:  9    God:
Gold:   42         SH:  0    Dex: 12    Spells: 2/2 levels left

rFire    . . .     SeeInvis .   a - +0 long sword
rCold    . . .     Faith    .   c - +0 kite shield
rNeg     . . .     Spirit   .   b - +0 scale mail
rPois    .         Reflect  .   (helmet restricted)
rElec    .         Harm     .   (no cloak)
rCorr    .         Rampage  .   (no gloves)
Will     .....                  (no boots)
Stlth    ..........             (no amulet)
HPRegen  0.09/turn              (no ring)
MPRegen  0.08/turn              (no ring)

@: confused
A: horns 1
a: no special abilities


You were on level 2 of the Dungeon.
You visited 1 branch of the dungeon, and saw 2 of its levels.

You collected 42 gold pieces.

Inventory:

Hand Weapons
 a - a +0 long sword (weapon)
Armour
 b - a +0 scale mail (worn)
 c - a +0 kite shield (worn)
 j - a +2 hat
Scrolls
 e - 2 scrolls of teleportation
Potions
 d - a potion of might


   Skills:
 + Level 3.2 Fighting
 + Level 2.1 Long Blades
 + Level 3.2 Armour
 + Level 0.3 Dodging
 + Level 3.0 Shields


You had 2 spell levels left.
You didn't know any spells.
Your spell library was empty.

Dungeon Overview and Level Annotations

Branches:
Dungeon (2/15)

Altars:

Annotations:
D:2 Sigmund


Innate Abilities, Weirdness & Mutations

You have a pair of small horns on your head.


Message History

You are too confused!
You are too confused!
You are too confused!
You are too confused!
You are too confused!
You are too confused!
You are too confused!
You are too confused!
You are too confused!
You are too confused!
You are too confused!
You are too confused!
You are too confused!
You are too confused!
You closely miss Sigmund.
Sigmund is moderately wounded.
Sigmund hits you with a +0 scythe!
You barely miss Sigmund. You headbutt Sigmund.
Sigmund is heavily wounded.
Sigmund barely misses you. Sigmund closely misses you.
You see here 12 gold pieces.
You're too confused to move!
Sigmund hits you from afar with a +0 scythe.
You feel less confused. Sigmund hits you with a +0 scythe.
* * * LOW HITPOINT WARNING * * *
You hit Sigmund.
Sigmund is heavily wounded.
You block Sigmund's attack.
You barely miss Sigmund.
Sigmund is heavily wounded.
Sigmund hits you with a +0 scythe.
* * * LOW HITPOINT WARNING * * *
You closely miss Sigmund.
Sigmund is heavily wounded.
Sigmund gestures at you while chanting.
You are confused.
Sigmund hits you with a +0 scythe.
You die...

#.########.##..[###
#.# #.###....# #.#
#..##....# #.#
##.##^...#
#.####### #..#....#
####...†...#
##.#....#
#.....(###.#
#......# +......+
#.# ##.....#
#...@@$#
#.#####......
#......#
#........##..
#......#
#######..##..
#......# #..##..
#......# #..##..
#......# #...#..
######## #.#.#..
#.#.#.. ###+#....


You could see Sigmund.

Vanquished Creatures
  2 dart slugs (D:1)
  4 bats
  3 endoplasms
  4 giant cockroaches
  A goblin (D:1)
  6 hobgoblins
  6 kobolds (D:1)
  2 ball pythons (D:1)
  A frilled lizard (D:1)
  3 rats (D:1)
32 creatures vanquished.

Notes
Turn   | Place    | Note
-------+----------+-------------------------------------------
     0 | D:1      | SensoryNuts the Demonspawn Fighter began the quest for the
                  | Orb.
     0 | D:1      | Reached XP level 1. HP: 18/18 MP: 1/1
   402 | D:1      | Gained mutation: You have a pair of small horns on your
                  | head. [demonic ancestry]
   402 | D:1      | Reached XP level 2. HP: 24/24 MP: 2/2
   786 | D:1      | Reached XP level 3. HP: 29/29 MP: 3/3
  1119 | D:2      | Found a faded altar of an unknown god.
  1241 | D:2      | Noticed Sigmund
  1256 | D:2      | Slain by Sigmund

Illustrated notes

Levels and vault maps discovered:
D:1:      elethiomel_arrival_quiet, layout_basic
D:2:      layout_basic, dreamdust_ecumenical_altar_grove, uniq_sigmund

Skill      XL: |  1  2  3 |
---------------+----------+-----
Armour         | 3 |  3.2
Long Blades    | 2 |  2.1
Shields        | 3 |  3.0
Fighting       | |  3.2
Dodging        | |  0.3

Action                   || total
-------------------------++-------
Melee: Long sword        ||   103
       Headbutt          ||    10
  Use: Potion            ||     3
       Scroll            ||     2
Armor: Scale mail        ||    71
Dodge: Dodged            ||    23
Block: Kite shield       ||    71
       Rpst.: Long sword ||     7
